 Dungeon Crawl Stone Soup version 0.19.4-8-ga85b6b9 (webtiles) character file.

119647 Mefis the Thaumaturge (level 16, -2/87 HPs)
             Began as a Deep Elf Wizard on Feb 7, 2017.
             Was an Elder of Sif Muna.
             Blown up by an orb spider (57 damage)
             ... with an orb of destruction
             ... on level 1 of the Spider Nest on Feb 8, 2017.
             The game lasted 02:31:46 (50335 turns).

Mefis the Thaumaturge (Deep Elf Wizard)            Turns: 50335, Time: 02:31:47

Health: -2/87      AC: 10    Str:  9    XL:     16   Next: 28%
Magic:  11/36      EV: 24    Int: 36    God:    Sif Muna [****..]
Gold:   1145       SH:  8    Dex: 14    Spells: 12 memorised, 0 levels left

rFire  + . .     SeeInvis .     T - +7 hand axe "Gacon" {chop, rPois rN+ Str+5}
rCold  . . .     Gourm    .     J - +2 robe {MR+}
rNeg   + + .     Faith    .     S - +2 buckler {reflect}
rPois  +         Spirit   .     u - +0 helmet of Dim Light {MR+}
rElec  .         Reflect  +     Y - +0 cloak {rF+}
rCorr  .         Harm     .     Q - +0 pair of gloves
MR     +++..                    B - +2 pair of boots of the Assassin {DetectMon Stab+ Stlth++}
Stlth  +++++.....               x - amulet of magic regeneration
                                p - +6 ring of evasion
                                L - ring "Cimianov" {rN+ Int+6}

@: repel missiles
A: no striking features
a: Divine Energy, Channel Magic, Forget Spell, Renounce Religion


You were on level 1 of the Spider Nest.
You worshipped Sif Muna.
Sif Muna was greatly pleased with you.
You were not hungry.

You visited 5 branches of the dungeon, and saw 26 of its levels.
You visited 1 bazaar.
You also visited: Labyrinth and Volcano.

You collected 2427 gold pieces.
You spent 1282 gold pieces at shops.

Inventory:

Hand Weapons
 T - the +7 hand axe "Gacon" (weapon) {chop, rPois rN+ Str+5}
   (You found it on level 6 of the Lair of Beasts)

   It inflicts extra damage upon your enemies.
   It affects your strength (+5).
   It protects you from poison.
   It protects you from negative energy.
Missiles
 o - 6 throwing nets (quivered)
Armour
 u - the +0 helmet of Dim Light (worn) {MR+}
   (You found it on level 14 of the Dungeon)

   It affects your resistance to hostile enchantments.
 B - the +2 pair of boots of the Assassin (worn) {DetectMon Stab+ Stlth++}
   (You bought it in a shop on level 2 of the Orcish Mines)

   It makes you much more stealthy.
 I - a +1 hat
 J - a +2 robe of magic resistance (worn)
 Q - a +0 pair of gloves (worn)
 S - a +2 buckler of reflection (worn)
 Y - a +0 cloak of fire resistance (worn)
Jewellery
 p - a +6 ring of evasion (right hand)
 w - an uncursed ring of see invisible
 x - an amulet of magic regeneration (around neck)
 z - an uncursed ring of fire
 A - an uncursed ring of protection from cold
 L - the ring "Cimianov" (left hand) {rN+ Int+6}
   (You found it on level 2 of the Orcish Mines)

   [ring of positive energy]

   It affects your intelligence (+6).
   It protects you from negative energy.
Wands
 a - a wand of acid (5/15)
 b - a wand of lightning (4/15)
 g - a wand of polymorph (6/24)
 j - a wand of digging (2/24)
 C - a wand of iceblast (7/15)
 H - a wand of hasting (6/9)
 W - a wand of iceblast (5/15)
Scrolls
 e - a scroll of identify
 f - 4 scrolls of teleportation
 m - a scroll of fog
 r - 7 scrolls of blinking
 t - 4 scrolls of fear
 v - 2 scrolls of magic mapping
 y - 7 scrolls of immolation
 Z - 5 scrolls of remove curse
Potions
 c - a potion of flight {unknown}
 i - 9 potions of curing
 k - 3 potions of magic
 l - 2 potions of mutation
 n - 3 potions of heal wounds
 F - a potion of ambrosia
 P - 2 potions of might
Books
 D - a book of Battle

   Spells                             Type                      Level
   a - Infusion                       Charms                       1
   b - Shroud of Golubria             Charms/Translocation         2
   c - Song of Slaying                Charms                       2
   d - Spectral Weapon                Hexes/Charms                 3
   e - Regeneration                   Charms/Necromancy            3
Miscellaneous
 q - a crystal ball of energy
 M - a phial of floods
 U - a fan of gales
Comestibles
 d - 7 bread rations
 h - 5 beef jerkies
 s - 42 fruits
 E - a meat ration
 O - 3 slices of pizza
 V - 13 royal jellies


   Skills:
 - Level 5.3 Fighting
 - Level 9.8 Dodging
 - Level 6.3 Stealth
 - Level 6.6 Shields
 + Level 14.9 Spellcasting
 - Level 8.3 Conjurations
 - Level 9.1 Hexes
 - Level 7.7 Charms
   Level 5.8 Summonings
 - Level 2.4 Translocations
 + Level 9.7 Transmutations
 - Level 4.0 Fire Magic
   Level 4.5 Ice Magic
 - Level 4.2 Air Magic
 * Level 11.0 Earth Magic
 - Level 2.1 Poison Magic
 + Level 10.2 Invocations
 + Level 11.3 Evocations


You couldn't memorise any spells.
You knew the following spells:

 Your Spells              Type           Power        Failure   Level  Hunger
a - Bolt of Magma         Conj/Fire/Erth ######....   1%          5    None
c - Blink                 Tloc           N/A          1%          2    None
e - Mephitic Cloud        Conj/Pois/Air  ######..     1%          3    None
g - Slow                  Hex            #######.     1%          2    None
i - Repel Missiles        Chrm/Air       ######       1%          2    None
o - Statue Form           Tmut/Erth      #######..    3%          6    #......
p - Regeneration          Chrm/Necr      ######....   1%          3    None
q - Olgreb's Toxic Radia  Pois           #####...     8%          4    None
s - Lee's Rapid Deconstr  Erth           #######...   1%          5    None
v - Invisibility          Hex            #######.     8%          6    #......
w - Leda's Liquefaction   Hex/Erth       #######...   1%          4    None
x - Swiftness             Chrm/Air       ######..     1%          2    None


Dungeon Overview and Level Annotations

Branches:
Dungeon (15/15)            Temple (1/1) D:7            Lair (6/6) D:11
  Swamp (0/4) Lair:2       Spider (2/4) Lair:4        Slime (0/5) Lair:6
    Orc (2/2) D:10            Elf (0/3) Orc:2        Vaults (0/5) D:13
 Depths (0/5) D:15

Altars:
Ashenzari
Cheibriados
Dithmenos
Elyvilon
Fedhas
Gozag
Hepliaklqana
Kikubaaqudgha
Makhleb
Nemelex Xobeh
Okawaru
Qazlal
Ru
Sif Muna
Trog
Uskayaw
Vehumet
Xom
Yredelemnul
Zin
The Shining One
Beogh

Shops:
D:8 *   Orc:2 %*=

Annotations:
D:4 Grinder


Message History

The bolt of magma hits the orb spider.
The orb spider is severely wounded.
The orb spider pulsates with a strange energy.
Casting: Bolt of Magma
Confirm with . or Enter, or press ? or * to list all spells.
You don't have enough magic to cast that spell.
You feel somewhat more hungry.
The orb spider weaves a glowing orb of energy.
An orb of destruction comes into view.
Casting: Bolt of Magma
Confirm with . or Enter, or press ? or * to list all spells.
Aiming: Bolt of Magma
Press: ? - help, Shift-Dir - straight line, f/p - orb spider
Aim: an orb spider (severely wounded)
The bolt of magma hits the orb spider.
You kill the orb spider!
Sif Muna accepts your kill. The orb of destruction hits you!
Ouch! That really hurt!
You die...

#........ #........
##########.^......
##...##.#^##^......
#...†......##......
##.§......>.##.....
###..§.....#...#.....
#...†§.†...#...#.....
#...@†...>.#....[..#.
#..................#.
##................(#.
##.....†..............
#....^..............#.
##..........#.......#.
##.................#.
#########.#.......#.
##.....>.....>.....


There were no monsters in sight!

Vanquished Creatures
  An orc warlord (Orc:2)
  An emperor scorpion (Spider:1)
  An entropy weaver (Spider:1)
  A dire elephant (Lair:6)
  Snorg (Lair:3)
  A fire dragon (Lair:2)
  A minotaur (Lab)
  Harold (D:11)
  The ghost of Agrougrou the Basher, a journeyman GrFi of Okawaru (D:11)
  7 vault guards (D:13)
  4 hydras
  A merfolk avatar (Lair:6)
  3 centaur warriors
  4 orc high priests (Orc:2)
  Sonja (D:14)
  3 sea snakes (Lair:6)
  2 unseen horrors
  A wizard (D:13)
  10 hill giants
  5 orb spiders (Spider:1)
  A deep elf mage (D:12)
  A harpy (Lair:6)
  7 orc knights
  8 wolf spiders
  6 orc sorcerers (Orc:2)
  18 ugly things
  A wolf spider zombie (D:14)
  4 cyclopes
  9 elephants
  Maurice (D:8)
  2 moths of wrath
  6 manticores
  2 black mambas (Lair:6)
  An eye of devastation (Lair:6)
  5 centaur skeletons
  18 spiny frogs
  3 torpor snails
  5 rime drakes
  11 komodo dragons
  A demonic crawler (Spider:1)
  4 kobold demonologists
  2 tengu conjurers (D:13)
  3 meliai (Lair:4)
  7 trolls
  4 polar bears (Lair:6)
  A queen bee (Lair:4)
  6 jumping spiders
  Prince Ribbit (Lair:3)
  8 two-headed ogres
  21 blink frogs
  2 hornets
  3 slime creatures (D:14)
  13 hippogriffs
  Sigmund (D:5)
  16 redbacks
  8 tarantellas
  2 wraiths
  4 shadows
  37 yaks
  8 wyverns
  6 basilisks
  A fire bat (Volcano)
  Eustachio (D:5)
  9 vampire mosquitoes
  5 hungry ghosts
  15 water moccasins
  6 wargs
  2 mottled dragons
  A soldier ant (D:12)
  Duvessa (D:6)
  16 porcupines
  2 hell hounds (Volcano)
  2 ice beasts (D:7)
  52 orc warriors
  2 sky beasts
  2 eyes of draining
  16 ogres
  2 black bears
  3 phantoms
  10 wolves
  14 centaurs
  A necrophage (D:11)
  15 crocodiles
  5 big kobolds
  24 bullfrogs
  A wyvern zombie (D:14)
  2 wyvern skeletons
  Dowan (D:6)
  5 scorpions
  14 wights
  18 killer bees
  4 howler monkeys
  2 electric eels
  9 crimson imps
  A quasit (D:5)
  A bullfrog zombie (D:13)
  2 jellies
  Crazy Yiuf (D:4)
  37 orc priests
  2 bullfrog skeletons
  8 hounds
  8 iguanas
  28 orc wizards
  14 worker ants
  3 hound zombies
  3 worker ant zombies
  12 gnolls
  8 adders
  7 shadow imps
  An ooze (D:1)
  2 adder zombies
  5 adder skeletons
  3 worms
  4 dart slugs
  2 leopard geckos
  117 orcs
  7 bats
  7 giant cockroaches
  9 goblins
  9 hobgoblins
  21 jackals
  20 kobolds
  6 quokkas
  A ball python (D:8)
  2 frilled lizards (D:3)
  A leopard gecko skeleton (D:7)
  A leopard gecko zombie (D:7)
  A quokka skeleton (D:4)
  A quokka zombie (D:5)
  4 rats
  A fungus (Lair:6)
  3 plants
943 creatures vanquished.

Vanquished Creatures (collateral kills)
  A fire dragon (D:12)
  Psyche (D:12)
  A centaur (Volcano)
  5 killer bees (Lair:4)
  A wight (D:10)
  An orc priest (D:3)
  An iguana (D:4)
  4 gnolls
  2 orcs (D:3)
  A hobgoblin (D:1)
18 creatures vanquished.

Vanquished Creatures (others)
  A hydra (D:15)
  A cyclops (Orc:1)
  5 two-headed ogres (Volcano)
  A tarantella (Spider:1)
  A bullfrog (D:15)
  An orc priest (Orc:2)
  A fire vortex (Lair:5)
  12 fungi
  38 plants
61 creatures vanquished.

Grand Total: 1022 creatures vanquished

Notes
Turn   | Place    | Note
-------+----------+-------------------------------------------
     0 | D:1      | Mefis the Deep Elf Wizard began the quest for the Orb.
     0 | D:1      | Reached XP level 1. HP: 10/10 MP: 7/7
   281 | D:1      | Reached XP level 2. HP: 15/15 MP: 4/9
   285 | D:1      | Learned a level 2 spell: Call Imp
   288 | D:1      | Learned a level 2 spell: Blink
   291 | D:1      | Learned a level 2 spell: Repel Missiles
   834 | D:1      | Reached skill level 1 in Air Magic
   834 | D:1      | Reached XP level 3. HP: 19/19 MP: 6/11
   849 | D:1      | Learned a level 3 spell: Mephitic Cloud
   935 | D:1      | Reached skill level 5 in Spellcasting
  1286 | D:2      | Reached XP level 4. HP: 20/24 MP: 0/13
  2515 | D:3      | Learned a level 3 spell: Conjure Flame
  2880 | D:3      | Reached XP level 5. HP: 28/28 MP: 5/14
  3329 | D:3      | Reached skill level 1 in Shields
  3870 | D:4      | Reached skill level 1 in Poison Magic
  4369 | D:4      | Found a sacrificial altar of Ru.
  4375 | D:4      | Noticed Grinder
  4452 | D:3      | Reached XP level 6. HP: 25/32 MP: 1/16
  4457 | D:3      | Reached skill level 6 in Spellcasting
  4588 | D:3      | Learned a level 2 spell: Slow
  5118 | D:4      | Found a runed door.
  5122 | D:4      | Noticed Crazy Yiuf
  5136 | D:4      | Killed Crazy Yiuf
  5136 | D:4      | Reached skill level 1 in Hexes
  5210 | D:5      | Entered Level 5 of the Dungeon
  5338 | D:5      | Noticed Sigmund
  5353 | D:5      | Killed Sigmund
  5353 | D:5      | Reached skill level 1 in Evocations
  5353 | D:5      | Reached XP level 7. HP: 36/36 MP: 13/18
  5863 | D:5      | Noticed Eustachio
  5878 | D:5      | Killed Eustachio
  5878 | D:5      | Reached skill level 7 in Spellcasting
  6296 | D:5      | Found a sparkling altar of Nemelex Xobeh.
  6537 | D:6      | Reached XP level 8. HP: 41/41 MP: 12/20
  6578 | D:6      | Reached skill level 5 in Dodging
  6691 | D:6      | Found a bloodstained altar of Trog.
  6775 | D:6      | Noticed Dowan
  6777 | D:6      | Noticed Duvessa
  7285 | D:6      | Reached skill level 5 in Stealth
  7684 | D:6      | Reached skill level 8 in Spellcasting
  8854 | D:6      | Reached XP level 9. HP: 45/45 MP: 9/23
  9062 | D:6      | Killed Duvessa
  9065 | D:6      | Killed Dowan
  9451 | D:6      | Reached skill level 9 in Spellcasting
  9949 | D:7      | Reached skill level 5 in Hexes
 10389 | D:7      | Found a staircase to the Ecumenical Temple.
 10429 | Temple   | Entered the Ecumenical Temple
 10856 | D:8      | Reached skill level 5 in Conjurations
 10912 | D:8      | Found an iron altar of Okawaru.
 10912 | D:8      | Found a bloodstained altar of Trog.
 10912 | D:8      | Found a sparkling altar of Nemelex Xobeh.
 10926 | D:8      | Noticed Maurice
 10960 | D:8      | Killed Maurice
 10960 | D:8      | Reached skill level 1 in Fighting
 10960 | D:8      | Reached skill level 10 in Spellcasting
 11163 | D:8      | Reached skill level 5 in Evocations
 11256 | D:8      | Found a burning altar of Makhleb.
 11279 | D:8      | Reached XP level 10. HP: 52/52 MP: 11/26
 11361 | D:8      | Found Hopuod's Wicked Wares.
 11364 | D:8      | Bought a scroll of torment for 97 gold pieces
 11771 | D:8      | Found a deep blue altar of Sif Muna.
 11960 | D:8      | Noticed a manticore
 11989 | D:8      | Killed a manticore
 11991 | D:8      | Became a worshipper of Sif Muna the Loreminder
 12230 | D:9      | Noticed a manticore
 12248 | D:9      | Killed a manticore
 12408 | D:9      | Reached skill level 1 in Charms
 12808 | D:9      | Found a hazy altar of Hepliaklqana.
 12809 | D:9      | Found a shimmering altar of Xom.
 13475 | D:9      | Found a blossoming altar of Fedhas.
 13820 | D:10     | Entered Level 10 of the Dungeon
 14178 | D:10     | Found a staircase to the Orcish Mines.
 14691 | D:10     | Reached * piety under Sif Muna
 15976 | D:10     | Killed an unseen horror
 15976 | D:10     | Reached skill level 1 in Invocations
 15976 | D:10     | Reached XP level 11. HP: 52/57 MP: 14/27
 16383 | D:11     | Noticed Harold
 16712 | D:11     | Reached skill level 11 in Spellcasting
 16933 | D:11     | Noticed a cyan ugly thing
 17005 | D:11     | Killed a cyan ugly thing
 17016 | D:11     | Killed Harold
 17155 | D:11     | Noticed Agrougrou's ghost (journeyman GrFi)
 17357 | D:11     | Reached ** piety under Sif Muna
 17533 | D:11     | Learned a level 4 spell: Ice Form
 17751 | D:11     | Reached skill level 1 in Transmutations
 17762 | D:11     | Reached skill level 5 in Charms
 18016 | D:11     | Found a staircase to the Lair.
 18051 | Lair:1   | Entered Level 1 of the Lair of Beasts
 18672 | Lair:1   | Reached skill level 5 in Shields
 18672 | Lair:1   | Reached skill level 1 in Ice Magic
 20000 | Lair:2   | Found a staircase to the Swamp.
 20249 | Lair:2   | Reached XP level 12. HP: 64/64 MP: 29/29
 20749 | Lair:2   | Noticed a fire dragon
 20816 | Lair:2   | Killed a fire dragon
 21828 | Lair:3   | Noticed Snorg
 21869 | Lair:3   | Killed Snorg
 22550 | Lair:3   | Noticed Prince Ribbit
 23035 | Lair:3   | Reached *** piety under Sif Muna
 23312 | Lair:3   | Killed Prince Ribbit
 23648 | Lair:4   | Found a dark tunnel.
 23655 | Volcano  | Entered a volcano
 24448 | Lair:4   | Reached skill level 5 in Summonings
 25179 | Lair:4   | Found a blossoming altar of Fedhas.
 25201 | Lair:4   | Found a hole to the Spider Nest.
 25334 | Lair:4   | Reached **** piety under Sif Muna
 25624 | Lair:4   | Reached skill level 5 in Invocations
 26057 | Lair:4   | Reached XP level 13. HP: 70/70 MP: 30/30
 27008 | D:12     | Found a labyrinth entrance.
 27022 | Lab      | Entered a labyrinth
 27614 | Lab      | Noticed a minotaur
 27634 | Lab      | Killed a minotaur
 27728 | Lab      | Got a crude whip
 27730 | Lab      | Identified the +6 whip of Edoic {slash, MP+9 Dex+3} (You found it in a labyrinth)
 28114 | D:12     | Noticed a fire dragon
 28469 | D:12     | Noticed Psyche
 28469 | D:12     | Killed a fire dragon
 28476 | D:12     | Killed Psyche
 28476 | D:12     | Reached skill level 12 in Spellcasting
 28745 | D:12     | Got a translucent iron ring
 28984 | D:12     | Identified the ring "Qopniosh" {rN+ Str+5} (You took it off a kobold on level 12 of the Dungeon)
 29572 | D:12     | Learned a level 5 spell: Bolt of Magma
 29899 | D:12     | Reached skill level 1 in Fire Magic
 30422 | D:11     | Killed Agrougrou's ghost
 30422 | D:11     | Reached skill level 1 in Earth Magic
 31436 | Lair:5   | Reached skill level 5 in Transmutations
 32171 | Lair:6   | Entered Level 6 of the Lair of Beasts
 32204 | Lair:6   | Found a staircase to the Slime Pits.
 32479 | Lair:6   | Reached skill level 5 in Fighting
 33071 | Lair:6   | Got a twisted hand axe
 33072 | Lair:6   | Identified the +7 hand axe "Gacon" {chop, rPois rN+ Str+5} (You found it on level 6 of the Lair of Beasts)
 33287 | Lair:6   | Reached XP level 14. HP: 78/78 MP: 3/32
 34153 | Lair:5   | Reached ***** piety under Sif Muna
 34981 | Lair:6   | Received a gift from Sif Muna
 34989 | Lair:6   | Learned a level 2 spell: Swiftness
 34996 | Lair:6   | Learned a level 6 spell: Invisibility
 35299 | Lair:1   | Learned a level 4 spell: Leda's Liquefaction
 35763 | Lair:6   | Reached skill level 5 in Earth Magic
 36546 | Lair:6   | Reached skill level 13 in Spellcasting
 36977 | Lair:1   | Learned a level 5 spell: Lee's Rapid Deconstruction
 36979 | Lair:1   | Learned a level 1 spell: Beastly Appendage
 39222 | D:13     | Found a gate to the Vaults.
 39636 | D:14     | Got a spiked helmet
 39647 | D:14     | Identified the +0 helmet of Dim Light {MR+} (You found it on level 14 of the Dungeon)
 39701 | D:14     | Reached XP level 15. HP: 71/82 MP: 9/34
 40616 | D:14     | Reached skill level 14 in Spellcasting
 40995 | D:14     | Reached skill level 10 in Evocations
 41302 | D:14     | Noticed Sonja
 41303 | D:14     | Killed Sonja
 41776 | D:15     | Entered Level 15 of the Dungeon
 41866 | D:15     | Found a flickering gateway to a bazaar.
 41881 | Bazaar   | Entered a bazaar
 42028 | Bazaar   | Found Junus's Antique Weapon Shop.
 42042 | Bazaar   | Found Ededanun's Food Boutique.
 42071 | Bazaar   | Found Zihug's Food Boutique.
 42096 | Bazaar   | Found Gasoumy's Food Boutique.
 42497 | Orc:1    | Entered Level 1 of the Orcish Mines
 43254 | Orc:2    | Entered Level 2 of the Orcish Mines
 44834 | Orc:2    | Found a staircase to the Elven Halls.
 45064 | Orc:2    | Got an ancient gossamer ring
 45066 | Orc:2    | Identified the ring "Cimianov" {rN+ Int+6} (You found it on level 2 of the Orcish Mines)
 45208 | Orc:2    | Noticed an orc warlord
 45225 | Orc:2    | Killed an orc warlord
 45853 | Orc:2    | Found Ydwatuj's Food Emporium.
 46016 | Orc:2    | Found a roughly hewn altar of Beogh.
 46036 | Orc:2    | Found Emiar's Food Boutique.
 46077 | Orc:2    | Reached skill level 10 in Earth Magic
 46965 | Orc:2    | Found a roughly hewn altar of Beogh.
 47140 | Orc:2    | Found Uniss's Jewellery Boutique.
 47153 | Orc:2    | Found Jount's Assorted Antiques.
 47158 | Orc:2    | Bought the +2 pair of boots of the Assassin {DetectMon Stab+ Stlth++} for 704 gold pieces
 47158 | Orc:2    | Bought a scroll of fear for 91 gold pieces
 48003 | Orc:2    | Bought an uncursed amulet of magic regeneration for 390 gold pieces
 48149 | Lair:1   | Learned a level 6 spell: Statue Form
 48156 | Lair:1   | Learned a level 4 spell: Olgreb's Toxic Radiance
 48235 | Spider:1 | Entered Level 1 of the Spider Nest
 48389 | Lair:4   | Reached XP level 16. HP: 87/87 MP: 25/36
 49071 | Spider:1 | Learned a level 3 spell: Regeneration
 49480 | Spider:1 | Reached skill level 10 in Invocations
 50335 | Spider:1 | Blown up by an orb spider

Skill      XL: |  1  2  3  4  5  6  7  8  9 10 11 12 13 14 15 16 |
---------------+-------------------------------------------------+-----
Air Magic      | 1 2 3 4 |  4.2
Spellcasting   | 5 6 7 8 10 11 12 13 14 | 14.9
Dodging        | 3 4 5 6 7 8 9 |  9.8
Stealth        | 3 4 5 6 |  6.3
Conjurations   | 2 4 5 6 7 8 |  8.3
Shields        | 1 2 3 4 5 6 |  6.6
Poison Magic   | 1 2 |  2.1
Hexes          | 1 2 4 5 6 7 8 9 |  9.1
Evocations     | 1 2 3 5 6 7 8 9 10 11 | 11.3
Fighting       | 1 2 3 4 5 |  5.3
Charms         | 3 5 7 |  7.7
Summonings     | 2 3 5 |  5.8
Translocations | 2 |  2.4
Invocations    | 1 3 5 6 8 9 10 | 10.2
Transmutations | 2 4 5 7 9 |  9.7
Ice Magic      | 2 3 4 |  4.5
Fire Magic     | 3 4 |  4.0
Earth Magic    | 3 7 10 11 | 11.0

Action                   |  1- 3 |  4- 6 |  7- 9 | 10-12 | 13-15 | 16-18 || total
-------------------------+-------+-------+-------+-------+-------+-------++-------
Melee: Dagger            |     4 |    19 |       |       |       |       ||    23
       Short sword       |       |     6 |       |       |       |       ||     6
       Spear             |       |    23 |   106 |   455 |    35 |       ||   619
       Staff             |       |       |       |     1 |       |       ||     1
       Whip              |       |       |       |       |   136 |       ||   136
       Hand axe          |       |       |       |       |   237 |    17 ||   254
 Fire: Hunting sling     |       |       |     6 |       |       |       ||     6
       Blowgun           |       |       |       |       |    18 |       ||    18
 Cast: Magic Dart        |    83 |   200 |   447 |   846 |   358 |       ||  1934
       Repel Missiles    |     2 |     1 |     1 |     1 |       |       ||     5
       Call Imp          |     4 |    12 |     2 |    24 |     4 |       ||    46
       Mephitic Cloud    |     2 |     8 |    22 |    84 |    19 |       ||   135
       Blink             |       |     4 |     8 |    23 |    28 |     5 ||    68
       Conjure Flame     |       |       |    22 |    35 |    21 |       ||    78
       Slow              |       |       |       |    33 |    19 |       ||    52
       Bolt of Magma     |       |       |       |       |   540 |    64 ||   604
       Lee's Rapid Decon |       |       |       |       |    75 |    13 ||    88
       Invisibility      |       |       |       |       |    11 |       ||    11
       Leda's Liquefacti |       |       |       |       |    14 |     2 ||    16
       Olgreb's Toxic Ra |       |       |       |       |     2 |     2 ||     4
       Statue Form       |       |       |       |       |     1 |     6 ||     7
       Swiftness         |       |       |       |       |     1 |       ||     1
       Regeneration      |       |       |       |       |       |     2 ||     2
Invok: Channel Magic     |       |       |       |     1 |    31 |     3 ||    35
       Forget Spell      |       |       |       |       |     3 |       ||     3
       Divine Energy     |       |       |       |       |     1 |     1 ||     2
       Stop Divine Energ |       |       |       |       |     1 |     1 ||     2
Evoke: Wand              |       |       |     3 |    30 |     4 |       ||    37
       Phial of floods   |       |       |       |       |     1 |       ||     1
       Fan of gales      |       |       |       |       |     1 |       ||     1
  Use: Scroll            |       |     2 |     9 |     9 |    15 |       ||    35
       Potion            |       |       |     1 |     2 |       |     1 ||     4
 Stab: Confused          |     1 |     2 |     7 |    38 |     4 |       ||    52
       Sleeping          |       |       |       |     1 |     2 |       ||     3
       Distracted        |       |       |       |     1 |     3 |       ||     4
       Invisible         |       |       |       |       |    31 |       ||    31
  Eat: Chunk             |       |    13 |    11 |    33 |    62 |     1 ||   120
       Meat ration       |       |       |     2 |     2 |     4 |     1 ||     9
       Fruit             |       |       |       |       |     3 |       ||     3
       Bread ration      |       |       |       |       |     3 |       ||     3
Armor: Robe              |     3 |    12 |    17 |    28 |    26 |     1 ||    87
       Skin              |       |       |       |       |     4 |    64 ||    68
Dodge: Dodged            |    14 |    50 |    92 |   319 |   632 |   193 ||  1300
       Deflected         |     2 |     1 |     2 |    10 |    14 |       ||    29
Block: Buckler           |       |       |       |    96 |   223 |    65 ||   384
       Reflection        |       |       |       |     2 |    20 |       ||    22
